TKirby, chaotic female elven Wizard -------- ----- ----- ##+.......# ------- |...+ |....# # |......|########->....| |...| #|#..|# ####.......|# |.....| |...-####.....### # # --------# ......| ----- #|...|############################# |.....| #----- ### # # |.....| ############## ----.-- ###--------- # #........+ # |.......| # |.<.....| # |........ @f --------- ----h- |.%(h| |...%| |..%.| |..(.| ------ TKirby the Thaumaturge Experience level: 6 Strength: 9 Dexterity: 14 Constitution: 15 Intelligence: 19 Wisdom: 9 Charisma: 8 Health: 0(43) Energy: 4(63) Def: 2 Gold: 937 Moves: 3307 Dungeon seed: HQZWYbGyOl2qS-bq Game ID: TKirby_1507311322 Your Inventory: Coins $ - 937 gold pieces Amulets u - an uncursed amulet versus poison Weapons a - a blessed +1 quarterstaff (alternate weapon; not wielded) v - a +0 dagger (weapon in hand) Armor e - an uncursed +0 cloak of magic resistance (being worn) y - a cursed -1 leather armor (being worn) Comestibles s - 2 uncursed food rations w - an uncursed tin of red mold Scrolls i - an uncursed scroll of light j - an uncursed scroll of confuse monster H - an uncursed scroll of remove curse Spellbooks l - a blessed spellbook of force bolt m - an uncursed spellbook of healing Potions g - an uncursed potion of object detection r - a blessed potion of extra healing t - an uncursed potion of oil z - an uncursed potion of invisibility A - an uncursed potion of paralysis Rings c - an uncursed ring of regeneration d - an uncursed ring of protection from shape changers F - an uncursed ring of see invisible Wands b - a wand of secret door detection (0:9) o - a wand of cancellation (0:4) E - a wand of nothing (0:6) Tools n - an uncursed bell D - an uncursed tin whistle G - a blessed tallow candle (0:200) Gems q - an uncursed worthless piece of red glass Spells and supernatural/magical abilities: Name Level Category Fail Memory a - force bolt 1 attack 0% 84% h - healing 1 healing 0% 84% W - pray for help -- divine ? -- Your skills at the end: Fighting Skills Weapon Skills dagger [Basic] quarterstaff [Basic] Spellcasting Skills attack spells [Basic] enchantment spells [Basic] Final Attributes: You were piously aligned. You were sleep resistant. You were magic-protected. You were telepathic. You had infravision. You were lucky. You are dead. Vanquished creatures: a bugbear a rock piercer a pony a fog cloud a shrieker a gnomish wizard a black naga hatchling a little dog 2 floating eyes a kobold shaman a centipede 2 wererats an iguana an acid blob a coyote a gas spore 3 hobbits 3 hobgoblins 2 giant rats 2 cave spiders a brown mold a green mold 2 gnomes 4 garter snakes a gnome zombie 2 geckos 7 jackals 3 kobolds 3 goblins 3 sewer rats 4 grid bugs a bat 5 lichens a newt 66 creatures vanquished. Voluntary challenges: You used a wielded weapon 79 times, starting on turn 3. You read items or engraved 1 time, starting on turn 2145. You never genocided any monsters. You never polymorphed an object. You never changed form. You used no wishes. You never split a pudding. You never wrote Elbereth's name. You never violated your personal moral code. Dungeon overview: The Dungeons of Doom: levels 1 to 7 Level 1 a fountain a long staircase Level 2 some fountains a long staircase Level 3 a fountain Level 4 a fountain Level 5 many fountains Level 6 a fountain a long staircase Level 7 <- You were here a sink, a throne History has recorded: On T:1 you entered the Dungeons of Doom to retrieve the Amulet of Yendor! On T:432 you advanced to experience level 2. On T:471 you reached level 2 of The Dungeons of Doom. On T:868 you reached level 3 of The Dungeons of Doom. On T:962 you advanced to experience level 3. On T:1214 you reached level 4 of The Dungeons of Doom. On T:1498 you advanced to experience level 4. On T:2044 you reached level 5 of The Dungeons of Doom. On T:2695 you reached level 6 of The Dungeons of Doom. On T:2899 you advanced to experience level 5. On T:2901 you advanced to experience level 6. On T:3094 you reached level 7 of The Dungeons of Doom. Score breakdown: Gold: 937 (10110 points) Experience: 6 levels (12456 points) Exploration: 7 levels ( 14.89%) (10834 points) Discoveries: 3 items ( 1.08%) ( 3122 points) Valuables value: (no points given unless you survive) Artifact value: 0 ( 0 points) Variety of kills: 34 monsters ( 8.92%) ( 8961 points) Turncount: 3307 turns ( -743 points) Survival: died (score multiplied by 80%) Total score: 35792 Latest messages: Maple bites the hobgoblin. The hobgoblin is killed! The hobgoblin swings her curved sword at the bugbear. The hobgoblin misses the bugbear. You displace maple. The bugbear hits! The hobgoblin swings her curved sword at the gnome lord. The hobgoblin hits the gnome lord. The bugbear hits! The spell misses the bugbear. The spell hits the bugbear! The bugbear hits! The spell hits the bugbear! The spell hits the gnome! You kill the gnome! The bugbear hits! You stop. Maple is in the way! You displace maple. Maple misses the bugbear. The bugbear hits! You die... Final status: Goodbye TKirby the Wizard, killed by a bugbear... You died in The Dungeons of Doom on dungeon level 7 with 35792 points, and 937 pieces of gold, after 3307 moves. You were level 6 with a maximum of 43 hit points when you died.